 Dungeon Crawl Stone Soup version 0.29.1-1-gd02db6906a (webtiles) character file.

Game seed: 11068474596080185029

42 Sabo the Gusty (level 3, 0/24 HPs)
             Began as a Demonspawn Air Elementalist on Sept 22, 2022.
             Was an Initiate of Ashenzari.
             Succumbed to an adder's poison
             ... on level 2 of the Dungeon.
             The game lasted 00:14:18 (2149 turns).

Sabo the Gusty (Demonspawn Air Elementalist)        Turns: 2149, Time: 00:14:19

Health: 0/24       AC:  4    Str:  8    XL:     3   Next: 33%
Magic:  7/7        EV: 12    Int: 18    God:    Ashenzari [......]
Gold:   124        SH:  0    Dex: 13    Spells: 6/7 levels left

rFire   . . .      SeeInvis .   k - +0 dire flail
rCold   . . .      Faith    .   (shield currently unavailable)
rNeg    . . .      Spirit   .   a - +0 robe
rPois   .          Reflect  .   d - +1 helmet of the Chained Sky {Self, Melee} (curse)
rElec   .          Harm     .   (no cloak)
rCorr   .          Rampage  .   (no gloves)
Will    .....                   (no boots)
Stlth   ++........              (no amulet)
HPRegen 0.08/turn               (no ring)
MPRegen 0.10/turn               (no ring)

@: lethally poisoned (0 -> -2), hasted, studying Long Blades, very quick
A: hooves 1
a: Renounce Religion, Shatter the Chains


You were on level 2 of the Dungeon.
You worshipped Ashenzari.
Ashenzari was noncommittal.
You visited 1 branch of the dungeon, and saw 2 of its levels.

You collected 124 gold pieces.

Inventory:

Hand Weapons
 e - a +0 short sword
 f - a +0 sling
 k - a +0 dire flail (weapon)
Armour
 a - a +0 robe (worn)
 d - the cursed +1 helmet of the Chained Sky (worn) {Self, Melee}
   (You found it on level 1 of the Dungeon)

   It has a curse which improves the following skills: Introspection: Fighting
   and Spellcasting.
   Melee Combat: Short Blades, Long Blades, Axes, Maces & Flails, Polearms,
   Staves and Unarmed Combat.
Jewellery
 c - an amulet of faith
Scrolls
 h - a scroll of noise {unknown}
 i - a scroll of poison {unknown}
 j - 4 scrolls of identify {unknown}
 l - a scroll of butterflies {unknown}
Potions
 b - a potion of magic
 g - a potion of haste


   Skills:
 + Level 1.9 Dodging
 + Level 2.0 Stealth
 + Level 2.3(2.7) Spellcasting
 + Level 1.3 Conjurations
 + Level 3.5 Air Magic


You had 6 spell levels left.
You knew the following spells:

 Your Spells              Type           Power      Damage    Failure   Level
a - Shock                 Conj/Air       44%        1d5       6%          1

Your spell library contained the following spells:

 Spells                   Type           Power      Damage    Failure   Level
 Static Discharge         Conj/Air       11%        3-5/arc   10%         2
 Swiftness                Air            15%        N/A       12%         3
 Airstrike                Air            7%         2d(2-18)  36%         4


Dungeon Overview and Level Annotations

Branches:
Dungeon (2/15)

Altars:
Ashenzari

Shops:
D:1 [


Innate Abilities, Weirdness & Mutations

You have large cloven feet.


Message History

The adder is moderately wounded.
You feel sick. The adder barely misses you. The adder bites you.
You closely miss the adder.
The adder is moderately wounded.
You feel sick.
You are no longer poisoned.
The adder bites you but does no damage.
You hit the adder.
The adder is heavily wounded.
The adder barely misses you. The adder bites you.
You barely miss the adder.
The adder is heavily wounded.
The adder completely misses you. The adder bites you.
You hit the adder. Your kick misses the adder.
The adder is severely wounded.
The adder closely misses you.
You closely miss the adder. Your kick misses the adder.
The adder is severely wounded.
The adder bites you but does no damage. The adder closely misses you.
You barely miss the adder.
The adder is severely wounded.
The adder closely misses you. The adder bites you.
You closely miss the adder. Your kick misses the adder.
The adder is severely wounded.
The adder bites you.
* * * LOW HITPOINT WARNING * * *
The adder bites you but does no damage.
You closely miss the adder.
The adder is severely wounded.
The adder bites you.
* * * LOW HITPOINT WARNING * * *
You are lethally poisoned!
The adder poisons you!
You hit the adder.
You kill the adder!
* * * LOW HITPOINT WARNING * * *
You feel sick.
Your Stealth skill increases to level 2!
It was a potion of haste.
You feel yourself speed up.
You die...

##### #...#### #.#.....
######...# #.....@..# ##.
#.#####..# ##.. #.# ..# ...
#.#####..# #.. #.##.....# #.. #
###.##...... #.. #####
#.......##.## .######..
....#####.#.#...##.# .......).
###...)............##.##.######..


There were no monsters in sight!

Vanquished Creatures
  An adder (D:2)
  A worm (D:2)
  3 endoplasms (D:1)
  5 goblins (D:2)
  4 kobolds
  A quokka (D:1)
  4 ball pythons
  3 bats (D:1)
  4 frilled lizards (D:1)
  3 rats (D:1)
29 creatures vanquished.

Notes
Turn   | Place    | Note
-------+----------+-------------------------------------------
     0 | D:1      | Sabo the Demonspawn Air Elementalist began the quest for
                  | the Orb.
     0 | D:1      | Reached XP level 1. HP: 13/13 MP: 3/3
   181 | D:1      | Reached skill level 3 in Air Magic
   268 | D:1      | Found Niegin's Armour Shoppe.
   293 | D:1      | Gained mutation: You have large cloven feet. [demonic
                  | ancestry]
   293 | D:1      | Reached XP level 2. HP: 19/19 MP: 0/5
  1760 | D:2      | Found a faded altar of an unknown god.
  1785 | D:2      | Prayed at the altar of an unknown god.
  1785 | D:2      | Became a worshipper of Ashenzari the Shackled
  1828 | D:2      | Reached XP level 3. HP: 24/24 MP: 2/6
  2148 | D:2      | HP: 1/24 [poisoned by an adder]
  2149 | D:2      | Succumbed to an adder's poison

Illustrated notes

Levels and vault maps discovered:
D:1:      mrwooster_arrival_statue, layout_loops_ring, serial_shops, shop,
          wander_ebering_terrifying_dragon_lair
D:2:      layout_loops_ring, ebering_ecumenical_altar_sacrificial

Skill      XL: |  1  2  3 |
---------------+----------+-----
Air Magic      | 3 |  3.5
Stealth        | 2 |  2.0
Dodging        | |  1.9
Spellcasting   | |  2.3
Conjurations   | |  1.3

Action                   || total
-------------------------++-------
Melee: Unarmed           ||     5
       Short sword       ||     6
       Dire flail        ||    15
 Cast: Shock             ||    51
Invok: Curse Item        ||     1
  Use: Potion            ||     1
Armor: Robe              ||     7
Dodge: Dodged            ||    16
